 Dungeon Crawl Stone Soup version 0.20.1-1-g8b1a95d (webtiles) character file.

50 slep the Skirmisher (level 3, 0/30 HPs)
             Began as a Demonspawn Abyssal Knight on Oct 30, 2017.
             Slain by a worm (11 damage)
             ... on level 2 of the Dungeon.
             The game lasted 00:06:27 (1470 turns).

slep the Skirmisher (Demonspawn Abyssal Knight)     Turns: 1470, Time: 00:06:28

Health: 0/30       AC:  3    Str: 12    XL:     3   Next: 55%
Magic:  0/4        EV: 11    Int: 13    God:
Gold:   55         SH:  0    Dex: 13    Spells: 2/2 levels left

rFire    . . .     SeeInvis .   a - +1 falchion
rCold    + . .     Gourm    .   (no shield)
rNeg     . . .     Faith    .   b - +0 leather armour
rPois    .         Spirit   +   (no helmet)
rElec    .         Reflect  .   (no cloak)
rCorr    .         Harm     .   (no gloves)
MR       .....                  (no boots)
Stlth    +.........             (no amulet)
Regen    0.1/turn               g - ring of protection from cold
MPRegen  0.1/turn               (no ring)

@: no status effects
A: powered by death 1, magic shield
a: no special abilities


You were on level 2 of the Dungeon.
You were not hungry.

You visited 1 branch of the dungeon, and saw 2 of its levels.
You visited the Abyss 1 time.

You collected 55 gold pieces.

Inventory:

Hand Weapons
 a - a +1 falchion (weapon)
Armour
 b - a +0 leather armour (worn)
Jewellery
 g - a ring of protection from cold (left hand)
Scrolls
 d - 2 scrolls of identify {unknown}
 e - 2 scrolls of remove curse {unknown}
 f - a scroll of recharging {unknown}
 h - 2 scrolls of fog {unknown}
 i - a scroll of immolation {unknown}
 j - a scroll of blinking {unknown}
 m - 2 scrolls of teleportation {unknown}
Potions
 l - a potion of haste {unknown}
Comestibles
 c - a bread ration
 k - a chunk of flesh
 n - a meat ration


   Skills:
 + Level 3.8 Fighting
 + Level 2.2 Long Blades
 + Level 2.1 Armour
 + Level 1.2 Dodging
 + Level 0.2 Stealth
   Level 2.4 Invocations


You had 2 spell levels left.
You didn't know any spells.

Dungeon Overview and Level Annotations

Branches:
Dungeon (2/15)

Altars:


Innate Abilities, Weirdness & Mutations

You regenerate a little health from kills.
When hurt, damage is shared between your health and your magic reserves.


Message History

You see here an adder corpse.
You barely miss the worm.
The worm is lightly wounded.
The worm barely misses you.
You hit the worm.
The worm is lightly wounded.
You hit the worm.
The worm is moderately wounded.
The worm bites you.
You barely miss the worm.
The worm is moderately wounded.
The worm bites you. The worm bites you. The worm bites you!
You see here an adder corpse.
You barely miss the worm.
The worm is lightly wounded.
You hit the worm.
The worm is moderately wounded.
The worm bites you but does no damage. The worm bites you!
You die...

#.#...<######. #.##.#.## #
#.......# # #.##.##)# # #
#####.##.##.# # #..
..##....##.######
##...#####.##..####.#.....
.....%...#.......##.#.....
....>...w@................
...$.....#w..#...####.....
##...#####..#....# #.....
#..........#.#..# ######
#...###......#..# #
#...###.........# #
##...........#.####
######...........######
#......##........#


You could see 2 worms.

Vanquished Creatures
  An adder (D:2)
  An ooze (D:1)
  2 leopard geckos (D:1)
  2 giant cockroaches
  5 goblins
  3 hobgoblins
  6 jackals (D:1)
  3 kobolds
  A ball python (D:1)
  A bat (D:1)
  3 frilled lizards (D:1)
  4 rats
32 creatures vanquished.

Notes
Turn   | Place    | Note
-------+----------+-------------------------------------------
     0 | Abyss:1  | slep the Demonspawn Abyssal Knight began the quest for the Orb.
     0 | Abyss:1  | Reached XP level 1. HP: 18/18 MP: 2/2
    46 | Abyss:1  | Noticed a small abomination
    50 | D:1      | Escaped the Abyss
   353 | D:2      | Fell from the grace of Lugonu
   495 | D:1      | Gained mutation: You regenerate a little health from kills. [demonic ancestry]
   495 | D:1      | Reached XP level 2. HP: 14/24 MP: 3/3
   499 | D:1      | Reached skill level 1 in Dodging
  1102 | D:1      | Gained mutation: When hurt, damage is shared between your health and your magic reserves. [demonic ancestry]
  1102 | D:1      | Reached XP level 3. HP: 29/30 MP: 4/4
  1470 | D:2      | Slain by a worm

Skill      XL: |  1  2  3 |
---------------+----------+-----
Armour         | 2 |  2.1
Dodging        | 1 |  1.2
Long Blades    | 2 |  2.2
Fighting       | |  3.8
Stealth        | |  0.2
Invocations    | |  2.4

Action                   || total
-------------------------++-------
Melee: Falchion          ||   109
Invok: Depart the Abyss  ||     1
       Renounce Religion ||     1
 Stab: Sleeping          ||     1
  Eat: Chunk             ||     2
Armor: Leather armour    ||    35
Dodge: Dodged            ||    74
       Rpst.: Falchion   ||    24
